 Dungeon Crawl Stone Soup version 0.30-a0-930-gb9d0489357 (webtiles) character file.

Game seed: 14842607923747641767

941 promet the Ruffian (level 7, 0/66 HPs)
             Began as a Troll Wanderer on Mar 23, 2023.
             Slain by a sleepcap (18 damage)
             ... on level 5 of the Dungeon.
             The game lasted 00:23:51 (4899 turns).

promet the Ruffian (Troll Wanderer)                 Turns: 4899, Time: 00:23:52

Health: 0/66       AC:  5    Str: 23    XL:     7   Next: 88%
Magic:  6/6        EV:  1    Int: 12    God:
Gold:   187        SH:  0    Dex: 11    Spells: 6/6 levels left

rFire   . . .      SeeInvis .      - Unarmed
rCold   . . .      Faith    .    (no shield)
rNeg    . . .      Spirit   .    d - +1 robe
rPois   .          Reflect  .    (helmet restricted)
rElec   .          Rampage  .    (no cloak)
rCorr   .                        (gloves unavailable)
Will    .....                    (boots unavailable)
Stlth   +                        (no amulet)
HPRegen 1.11/turn                n - +6 ring of intelligence
MPRegen 0.10/turn                (no ring)

@: sleeping
A: large, unfitting armour, claws 3, regeneration 1, shaggy fur 1, tough skin 1
a: no special abilities


You were on level 5 of the Dungeon.
You visited 1 branch of the dungeon, and saw 5 of its levels.

You collected 187 gold pieces.

Inventory:

Hand Weapons
 a - a +1 spear
 b - a +0 heavy sling
 e - a +2 mace of protection
 l - a +0 rapier
Missiles
 p - 5 poisoned darts (quivered)
Armour
 d - a +1 robe (worn)
Jewellery
 n - a +6 ring of intelligence (left claw)
Wands
 m - a wand of roots (15)
Scrolls
 g - 2 scrolls of teleportation
 h - a scroll of identify
 o - a scroll of vulnerability {unknown}
Potions
 c - 3 potions of attraction
 f - 2 potions of degeneration {unknown}
 i - 2 potions of might
 j - 2 potions of haste {unknown}
 k - 2 potions of heal wounds
 q - 3 potions of curing {unknown}


   Skills:
 + Level 2.6 Fighting
 + Level 1.7 Polearms
 + Level 1.3 Ranged Weapons
 + Level 1.4 Throwing
 + Level 4.3 Dodging
 + Level 1.1 Stealth
 + Level 5.4 Unarmed Combat
 + Level 2.9 Evocations


You had 6 spell levels left.
You didn't know any spells.
Your spell library contained the following spells:

 Spells                   Type           Power      Damage    Failure   Level
 Apportation              Tloc           0%         N/A       32%         1
 Ensorcelled Hibernation  Hex/Ice        0%         N/A       45%         2
 Lesser Beckoning         Tloc           0%         N/A       45%         2
 Passwall                 Tmut/Erth      0%         N/A       45%         2
 Dazzling Flash           Conj/Hex       0%         N/A       69%         3
 Portal Projectile        Hex/Tloc       0%         N/A       69%         3
 Swiftness                Air            0%         N/A       69%         3
 Tukima's Dance           Hex            0%         N/A       69%         3
 Iskenderun's Mystic Bla  Conj/Tloc      0%         2d3       97%         4
 Agony                    Necr           0%         N/A       100%        5
 Blade Hands              Tmut           0%         N/A       100%        5
 Silence                  Hex/Air        0%         N/A       100%        5
 Malign Gateway           Summ/Tloc      0%         N/A       100%        7


Dungeon Overview and Level Annotations

Branches:
Dungeon (5/15)
 Temple: D:4-7

Altars:

Shops:
D:2 :


Innate Abilities, Weirdness & Mutations

You are too large for most types of armour.
You have claws for hands.
Your natural rate of healing is unusually fast.
You are covered in fur. (AC +1)
You have tough skin. (AC +1)


Message History

A magic dart appears from out of thin air!
The magic dart hits you! The phantom attacks as you move away!
The phantom barely misses you. Something hits you.
You bump into the rock wall.
Something hits you but does no damage. The phantom misses you.
You're too confused to move!
You feel less confused. The phantom hits you.
The phantom blinks!
You blink.
You closely miss the phantom.
The phantom is heavily damaged.
Something hits you.
The phantom hits you but does no damage.
You miss the phantom. Your claw misses the phantom.
The phantom is heavily damaged.
Something hits you. The phantom closely misses you.
You hear some strange, mumbled words.
A puff of flame appears from out of thin air!
The puff of flame misses you.
The puff of flame hits the phantom.
The phantom hits you.
You closely miss something. The phantom hits you.
The phantom blinks!
You blink.
You barely miss the phantom.
The phantom is heavily damaged.
A puff of flame appears from out of thin air!
The puff of flame hits you! The phantom hits you.
The phantom blinks!
You blink.
Found 9 gold pieces.
Found a stone staircase leading down.
You completely miss the phantom.
The phantom is heavily damaged.
You closely miss the phantom.
The phantom is heavily damaged.
The phantom hits you!
You closely miss the phantom.
The phantom is heavily damaged.
The phantom hits you. The sleepcap releases spores at you.
* * * LOW HITPOINT WARNING * * *
You are engulfed in a cloud of soporific spores!
You fall asleep.
The sleepcap releases spores at you!!
You die...

##..)..# ..
#....## ...
#ยง...## ....
##.....## ....#
#.......##
.....##
##...###...##
.......##.)..##
####.#
#...........#
#.# #.@W..# ###
##.f..# #....#
#....# .....#
$....# .....#
>.....#


You could see a phantom and a sleepcap.

Vanquished Creatures
  Eustachio (D:4)
  A water moccasin (D:5)
  2 black bears
  An ogre (D:5)
  A phantom (D:5)
  2 orc priests
  A hound (D:5)
  An iguana (D:5)
  2 orc wizards (D:5)
  A sleepcap (D:4)
  Terence (D:2)
  7 adders
  2 ufetubi (D:5)
  3 dart slugs
  11 orcs
  7 endoplasms
  3 giant cockroaches
  6 hobgoblins
  3 jackals
  3 quokkas (D:1)
  7 ball pythons
  3 bats (D:1)
  2 frilled lizards (D:1)
  A kobold (D:1)
  6 rats
78 creatures vanquished.

Vanquished Creatures (others)
  3 plants (D:5)
3 creatures vanquished.

Grand Total: 81 creatures vanquished

Notes
Turn   | Place    | Note
-------+----------+-------------------------------------------
     0 | D:1      | promet the Troll Wanderer began the quest for the Orb.
     0 | D:1      | promet set off with the following items: a +1 spear, a wand
                  | of roots (2), a potion of attraction, a +0 robe.
     0 | D:1      | Reached XP level 1. HP: 19/19 MP: 0/0
   115 | D:1      | Reached XP level 2. HP: 25/27 MP: 1/1
   688 | D:2      | Reached XP level 3. HP: 35/35 MP: 2/2
   723 | D:2      | Got the Vellum of Nonlocality
   738 | D:2      | Found Synas's Book Boutique.
   981 | D:2      | Noticed Terence
  1009 | D:2      | Killed Terence
  1334 | D:2      | Reached skill level 1 in Unarmed Combat
  1808 | D:3      | Reached XP level 4. HP: 42/42 MP: 3/3
  2897 | D:4      | Reached skill level 2 in Unarmed Combat
  3340 | D:4      | Noticed Eustachio
  3358 | D:4      | Killed Eustachio
  3359 | D:4      | Reached skill level 3 in Unarmed Combat
  3359 | D:4      | Reached XP level 5. HP: 12/49 MP: 4/4
  3359 | D:4      | Reached XP level 6. HP: 15/57 MP: 5/5
  3654 | D:5      | Entered Level 5 of the Dungeon
  3677 | D:4      | Reached skill level 4 in Unarmed Combat
  4023 | D:5      | Noticed an ice beast
  4060 | D:5      | Reached skill level 1 in Stealth
  4067 | D:4      | Reached XP level 7. HP: 45/66 MP: 6/6
  4327 | D:5      | Reached skill level 1 in Throwing
  4533 | D:5      | Reached skill level 1 in Ranged Weapons
  4533 | D:5      | Reached skill level 5 in Unarmed Combat
  4899 | D:5      | Slain by a sleepcap

Illustrated notes

Levels and vault maps discovered:
D:1:      pf_arrival_petrified_forest, layout_rooms, minmay_unequal
D:2:      layout_basic, serial_shops, nicolae_shop_stone, minmay_misc_feat_chi,
          serial_park_tiny_pond, minmay_misc_feat_square, uniq_terence
D:3:      layout_basic
D:4:      layout_loops_cross, kennysheep_decorative_pillar, uniq_eustachio
D:5:      layout_layer_cave, serial_bayou_ford_a, minmay_bent

Skill      XL: |  1  2  3  4  5  6  7 |
---------------+----------------------+-----
Dodging        | 3 4 |  4.3
Fighting       | 2 |  2.6
Unarmed Combat | 1 3 4 5 |  5.4
Stealth        | 1 |  1.1
Throwing       | 1 |  1.4
Ranged Weapons | 1 |  1.3
Polearms       | |  1.7
Evocations     | |  2.9

Action                     |  1- 3 |  4- 6 |  7- 9 || total
---------------------------+-------+-------+-------++-------
  Melee: Unarmed           |    81 |    88 |    77 ||   246
         Spear             |       |       |     1 ||     1
         Punch             |       |       |     1 ||     1
   Fire: Sling             |     5 |    11 |    10 ||    26
  Throw: Dart              |     4 |     1 |    10 ||    15
         Stone             |     4 |       |       ||     4
  Evoke: Wand              |     1 |       |     3 ||     4
    Use: Scroll            |     4 |     8 |       ||    12
         Potion            |     1 |     1 |     1 ||     3
 Armour: Robe              |    28 |    33 |    38 ||    99
  Dodge: Dodged            |    41 |    46 |    65 ||   152

Table legend: (Time is in decaauts)
 A = Elapsed time spent in this place.
 B = Non-inter-level travel time spent in this place.
 C = Inter-level travel time spent in this place.
 D = Time resting spent in this place.
 E = Time spent auto-exploring this place.
 F = Levels seen in this place.
 G = Mean time per level.
                   A        B        C        D        E       F      G
               +--------+--------+--------+--------+--------+-----+--------+
         Total |   4903 |   4695 |    208 |   1087 |   2091 |   5 |  980.6 |
       Dungeon |   4903 |   4695 |    208 |   1087 |   2091 |   5 |  980.6 |
               +--------+--------+--------+--------+--------+-----+--------+

Top non-repeatable levels by time:
     D:4: 1574 daAuts
     D:2: 1137 daAuts
     D:3: 929 daAuts
     D:1: 655 daAuts
     D:5: 607 daAuts
